 Dungeon Crawl Stone Soup version 0.29-a0-398-ge13fd1374b (webtiles) character file.

Game seed: 12477957820546231102

114261 croobank the Covert (level 16, -11/129 HPs)
             Began as a Gnoll Delver on May 12, 2022.
             Was an Initiate of Gozag.
             Mangled by an emperor scorpion (13 damage)
             ... on level 1 of the Spider Nest on May 13, 2022.
             The game lasted 03:11:57 (34541 turns).

croobank the Covert (Gnoll Delver)                 Turns: 34541, Time: 03:11:58

Health: -11/129    AC: 14    Str: 11    XL:     16   Next: 65%
Magic:  5/39       EV: 18    Int: 25    God:    Gozag
Gold:   6683       SH:  7    Dex: 16    Spells: 5/36 levels left

rFire   + + +      SeeInvis .   a - +2 broad axe (vorpal)
rCold   x . .      Faith    .   w - +0 buckler
rNeg    . . .      Spirit   .   N - +1 robe of Resourcefulness {rC- MP+9 Int+9 Archmagi}
rPois   +          Reflect  .   y - +2 helmet
rElec   +          Harm     .   Q - +2 cloak {rPois}
rCorr   +          Rampage  .   (no gloves)
Will    +....      Archmagi +   z - +2 pair of boots
Stlth   ++++++....              E - amulet of magic regeneration
HPRegen 0.31/turn               q - ring of fire
MPRegen 0.66/turn               m - ring of protection from fire

@: lethally poisoned (-11 -> -39), resistant, gold aura, invisible
A: fangs 1, strong nose, distributed training
a: Renounce Religion, Potion Petition, Call Merchant, Bribe Branch


You were on level 1 of the Spider Nest.
You worshipped Gozag.
Gozag was greatly pleased with you.
You visited 5 branches of the dungeon, and saw 25 of its levels.
You also visited: Sewer and Ice Cave.

You collected 9856 gold pieces.
You spent 766 gold pieces at shops.
You paid 2407 gold pieces to Gozag.

Inventory:

Hand Weapons
 a - a +2 vorpal broad axe (weapon)
 b - the +8 hand crossbow of Embarrassment {penet, Will++}
   (You found it on level 10 of the Dungeon)

   Any ammunition fired by it passes through the targets it hits, potentially
   hitting all targets in its path until it reaches maximum range.
   Will:      It greatly increases your willpower.
 t - a +1 long sword of holy wrath
 B - the +4 triple crossbow of Collusion {freeze, rF+ rC+ Will+ Int+6}
   (You found it on level 15 of the Dungeon)

   Any ammunition fired from it freezes those it strikes, dealing additional
   cold damage.
   It can also slow down cold-blooded creatures.
   Int:       It affects your intelligence (+6).
   rF:        It protects you from fire.
   rC:        It protects you from cold.
   Will:      It increases your willpower.
 K - the +8 trident of the Octopus King {venom, rElec rPois}
   (You found it on level 7 of the Dungeon)

   It poisons the flesh of those it strikes.
   rElec:     It insulates you from electricity.
   rPois:     It protects you from poison.
 L - a +2 morningstar of protection
 Z - a +1 executioner's axe of freezing
Missiles
 J - 4 throwing nets
 W - 2 boomerangs of dispersal
 Y - 4 curare-tipped darts
Armour
 d - a +0 troll leather armour {Pargi}
 w - a +0 buckler (worn)
 x - +1 steam dragon scales
 y - a +2 helmet (worn)
 z - a +2 pair of boots (worn)
 N - the +1 robe of Resourcefulness (worn) {rC- MP+9 Int+9 Archmagi}
   (You found it on level 7 of the Dungeon)

   Int:       It affects your intelligence (+9).
   rC:        It makes you vulnerable to cold.
   MP:        It affects your magic capacity (+9).
   Archmagi:  It increases the power of your magical spells.
 Q - a +2 cloak of poison resistance (worn)
Magical Staves
 f - a staff of poison
 k - a staff of conjuration
Jewellery
 i - a ring of protection from cold
 m - a ring of protection from fire (right hand)
 n - a +6 ring of strength
 q - a ring of fire (left hand)
 E - an amulet of magic regeneration (around neck)
 O - a +4 ring of protection
 S - a ring of protection from cold
 U - a ring of wizardry
 V - a ring of positive energy
 X - an amulet of guardian spirit
Wands
 g - a wand of digging (27)
 l - a wand of iceblast (7) (quivered)
 F - a wand of polymorph (8)
 G - a wand of flame (12)
 M - a wand of paralysis (12)
 P - a wand of acid (4)
 R - a wand of mindburst (9)
Scrolls
 c - 5 scrolls of fog
 o - 10 scrolls of teleportation
 r - 2 scrolls of blinking
 u - 4 scrolls of identify
 D - 3 scrolls of fear
 I - a scroll of magic mapping
 T - 2 scrolls of poison
Potions
 e - 7 potions of brilliance
 h - a potion of magic
 j - a potion of cancellation
 p - 6 potions of curing
 s - 3 potions of ambrosia
 v - 5 potions of flight
 A - a potion of berserk rage
 H - 2 potions of heal wounds


   Skills:
 + Level 12.6 Fighting
 + Level 10.9 Short Blades
 + Level 10.9 Long Blades
 + Level 11.8 Axes
 + Level 10.9 Maces & Flails
 + Level 10.9 Polearms
 + Level 10.9 Staves
 + Level 10.9 Slings
 + Level 10.9 Bows
 + Level 10.9 Crossbows
 + Level 10.9 Throwing
 + Level 10.9 Armour
 + Level 11.8 Dodging
 + Level 14.2 Stealth
 + Level 10.9 Shields
 + Level 10.9 Unarmed Combat
 + Level 10.9 Spellcasting
 + Level 9.2 Conjurations
 + Level 9.2 Hexes
 + Level 9.2 Summonings
 + Level 9.2 Necromancy
 + Level 9.2 Translocations
 + Level 9.2 Transmutations
 + Level 9.2 Fire Magic
 + Level 9.2 Ice Magic
 + Level 9.2 Air Magic
 + Level 9.2 Earth Magic
 + Level 9.2 Poison Magic
 + Level 11.9 Invocations
 + Level 10.9 Evocations


You had 5 spell levels left.
You knew the following spells:

 Your Spells              Type           Power      Damage    Failure   Level
a - Poisonous Vapours     Pois/Air       100%       N/A       1%          2
b - Slow                  Hex            100%       N/A       1%          1
c - Confusing Touch       Hex            74%        N/A       1%          3
d - Vampiric Draining     Necr           74%        2d11      1%          3
e - Call Canine Familiar  Summ           74%        N/A       1%          3
f - Leda's Liquefaction   Hex/Erth       37%        N/A       1%          4
g - Olgreb's Toxic Radia  Pois           74%        N/A       1%          4
h - Iskenderun's Mystic   Conj/Tloc      74%        2d15      1%          4
i - Fulminant Prism       Conj/Hex       37%        3d18      1%          4
j - Stone Arrow           Conj/Erth      100%       3d13      1%          3

Your spell library contained the following spells:

 Spells                   Type           Power      Damage    Failure   Level
 Animate Skeleton         Necr           100%       N/A       1%          1
 Apportation              Tloc           100%       N/A       1%          1
 Sting                    Tmut/Pois      100%       1d8       1%          1
 Summon Small Mammal      Summ           100%       N/A       1%          1
 Corpse Rot               Necr/Air       100%       N/A       1%          2
 Ensorcelled Hibernation  Hex/Ice        100%       N/A       1%          2
 Sublimation of Blood     Necr           74%        N/A       1%          2
 Portal Projectile        Hex/Tloc       100%       N/A       1%          3
 Animate Armour           Summ/Erth      100%       N/A       1%          4
 Dispel Undead            Necr           74%        3d25      1%          4
 Ice Form                 Ice/Tmut       74%        N/A       1%          4
 Passage of Golubria      Tloc           74%        N/A       1%          4
 Fireball                 Conj/Fire      47%        3d19      3%          5
 Freezing Cloud           Conj/Ice/Air   37%        6-21      3%          5
 Iskenderun's Battlesphe  Conj           74%        2d12      3%          5
 Lee's Rapid Deconstruct  Erth           37%        3d19*     3%          5
 Metabolic Englaciation   Hex/Ice        37%        N/A       3%          5
 Silence                  Hex/Air        37%        N/A       3%          5
 Conjure Ball Lightning   Conj/Air       37%        3x3d12    19%         6
 Orb of Destruction       Conj           37%        9d11      71%         7
 Borgnjor's Revivificati  Necr           37%        N/A       100%        8
 Lehudib's Crystal Spear  Conj/Erth      37%        10d9      100%        8
 Polar Vortex             Ice            37%        N/A       100%        9


Dungeon Overview and Level Annotations

Branches:
Dungeon (15/15)            Temple (1/1) D:4            Lair (6/6) D:9
  Swamp (0/4) Lair:4       Spider (1/4) Lair:4        Slime (0/5) Lair:5
    Orc (2/2) D:11            Elf (0/3) Orc:2        Vaults (0/5) D:13
 Depths (0/4) D:15          Sewer (visited)           IceCv (visited)

Altars:
Ashenzari
Dithmenos
Fedhas
Gozag
Hepliaklqana
Kikubaaqudgha
Makhleb
Nemelex Xobeh
Okawaru
Qazlal
Ru
Sif Muna
Trog
Uskayaw
Yredelemnul
The Shining One
Lugonu

Shops:
D:4 *   D:5 :   D:10 *?*(   Orc:1 (*   Orc:2 (*(=

Portals:
Abyss: Lair:6
Trove: D:10 (give 12 scrolls of teleportation)

Annotations:
Lair:2 2 transporters, Guvu Tong's ghost, journeyman MiBe
Lair:3 2 transporters, EnronHubbard's ghost, journeyman KoEn


Innate Abilities, Weirdness & Mutations

You have very sharp teeth.
Your uncanny sense of smell can sniff out nearby items.
Your experience applies equally to all skills.


Message History

* * * LOW HITPOINT WARNING * * *
The emperor scorpion stings you!!
* * * LOW HITPOINT WARNING * * *
You are lethally poisoned!
The emperor scorpion poisons you! The emperor scorpion barely misses you.
The emperor scorpion completely misses you.
The emperor scorpion stings you.
* * * LOW HITPOINT WARNING * * *
The emperor scorpion claws you but does no damage. x2
Okay, then.
Okay, then.
Blink to where?
Press: ? - help, Dir - move target, f - you
Okay, then. [a] - 264 gold - brilliance and magic [b] - 540 gold - resistance and invisibility [c] - 756 gold - haste, brilliance, resistance and might Purchase which effect? [a] - 264 gold - brilliance and magic [b] - 540 gold - resistance and invisibility [c] - 756 gold - haste, brilliance, resistance and might Purchase which effect? [a] - 264 gold - brilliance and magic [b] - 540 gold - resistance and invisibility [c] - 756 gold - haste, brilliance, resistance and might Purchase which effect? [a] - 264 gold - brilliance and magic [b] - 540 gold - resistance and invisibility [c] - 756 gold - haste, brilliance, resistance and might Purchase which effect? [a] - 264 gold - brilliance and magic [b] - 540 gold - resistance and invisibility [c] - 756 gold - haste, brilliance, resistance and might Purchase which effect?
You feel protected.
You fade into invisibility!
* * * LOW HITPOINT WARNING * * *
You feel extremely sick. The emperor scorpion stings you!
You die...
Your body crumbles into a pile of gold.

####
#...###
#<.##
#...##
#.#..#
#.@s##
#..#$°°#
#...$#s...
####$.#$..#
.#. .$... .
...##.. .#
.> # #. $
##.


You could see an emperor scorpion (can't see you) and an orb spider (can't see
you).

Vanquished Creatures
  Frances (D:13)
  Nessos (Lair:6)
  An entropy weaver (Spider:1)
  A great orb of eyes (D:15)
  A vault guard (D:10)
  A rakshasa (D:15)
  2 catoblepae
  Fannar (Orc:1)
  A boulder beetle (D:13)
  4 hydras
  An ogre mage (Orc:2)
  4 centaur warriors
  14 two-headed ogres
  An orc high priest (Orc:1)
  2 thrashing horrors (Lair:6)
  3 death yaks
  Nergalle (D:12)
  Lodul (D:13)
  2 deep trolls (Orc:2)
  A necromancer (IceCv)
  2 orc knights
  A mana viper (shapeshifter) (Lair:6)
  A deep elf pyromancer (D:13)
  21 ugly things
  A manticore (D:15)
  5 orc sorcerers (Orc:1)
  4 cyclopes
  Joseph (D:9)
  A black mamba (shapeshifter) (D:13)
  3 elephants (Lair:6)
  5 black mambas
  An ice statue (IceCv)
  An eye of devastation (shapeshifter) (D:14)
  2 gargoyles (D:12)
  2 smoke demons (Lair:6)
  16 cane toads
  Maggie (D:6)
  6 freezing wraiths (IceCv)
  3 rime drakes
  14 ice devils
  2 demonic crawlers (Spider:1)
  A yaktaur (shapeshifter) (D:14)
  An efreet (D:14)
  4 komodo dragons
  A tengu conjurer (D:15)
  An entropy weaver simulacrum (IceCv)
  An anaconda simulacrum (IceCv)
  An ancient zyme (Lair:6)
  A polar bear (Lair:4)
  2 trolls (shapeshifter) (D:13)
  10 trolls
  A hornet (D:15)
  4 meliai
  2 tyrant leeches (Lair:4)
  A tarantella (Spider:1)
  3 large abominations (Lair:6)
  14 blink frogs
  14 slime creatures
  11 dream sheep
  A jumping spider (Spider:1)
  3 shadows
  A centaur simulacrum (D:15)
  A ynoxinul (Lair:6)
  2 wraiths
  A wyvern (Lair:1)
  2 spriggans (Lair:6)
  22 yaks
  6 basilisks
  A water elemental (D:15)
  A fire bat (shapeshifter) (D:15)
  Grum (D:8)
  2 chaos spawn (Lair:6)
  4 redbacks (Spider:1)
  4 steam dragons
  5 death yak simulacra (IceCv)
  Menkaure (D:5)
  3 harpy simulacra
  20 vampire mosquitoes
  Edmund (D:6)
  Duvessa (D:6)
  A warg (Orc:1)
  15 water moccasins
  2 acid dragons (D:8)
  An ice beast (D:4)
  11 small abominations (Lair:6)
  Pargi (Sewer)
  A sky beast (D:7)
  22 orc warriors
  A black bear (D:4)
  46 wolves
  28 ogres
  15 centaurs
  2 phantoms
  4 kobold brigands
  8 bullfrogs
  A two-headed ogre simulacrum (IceCv)
  2 cane toad simulacra (IceCv)
  A gnoll sergeant (D:8)
  A necrophage (D:8)
  3 scorpions
  3 wights (D:7)
  Dowan (D:6)
  3 elephant simulacra (IceCv)
  18 killer bees
  5 howler monkeys
  A hound (D:4)
  A jelly (D:8)
  A gnoll shaman (D:4)
  8 orc priests
  Crazy Yiuf (D:7)
  A scorpion zombie (D:3)
  3 iguanas
  25 orc wizards
  A troll simulacrum (IceCv)
  5 polar bear simulacra (IceCv)
  5 wolf simulacra (IceCv)
  8 gnolls
  3 adders
  4 naga simulacra (IceCv)
  3 white imps (D:5)
  3 ufetubi
  A worm (D:4)
  3 dart slugs
  80 orcs
  5 bats
  9 endoplasms
  6 giant cockroaches
  4 goblins
  7 hobgoblins
  2 jackals (D:4)
  6 quokkas
  3 training dummies (Orc:1)
  9 ball pythons
  A ball python zombie (D:3)
  4 frilled lizards
  28 kobolds
  9 rats
739 creatures vanquished.

Vanquished Creatures (collateral kills)
  A black mamba (Lair:3)
  An ancient zyme (Lair:6)
  A polar bear (Lair:3)
  An acid dragon (D:14)
  3 ogres (Orc:2)
7 creatures vanquished.

Vanquished Creatures (others)
  A killer bee (D:9)
  An orc (D:8)
  13 fulminant prisms
  21 fungi
  89 plants
125 creatures vanquished.

Grand Total: 871 creatures vanquished

Notes
Turn   | Place    | Note
-------+----------+-------------------------------------------
     0 | D:5      | Reached skill level 9 in Stealth
     0 | D:5      | croobank the Gnoll Delver began the quest for the Orb.
     0 | D:5      | Reached XP level 1. HP: 23/23 MP: 1/1
    24 | D:5      | Noticed an ogre
    24 | D:5      | Noticed an orc wizard
    24 | D:5      | Noticed an orc wizard
    24 | D:5      | Noticed an iguana
    55 | D:4      | Noticed a black bear
   224 | D:3      | Reached XP level 2. HP: 29/29 MP: 2/2
   253 | D:3      | Found a glowing drain.
   257 | Sewer    | Entered a sewer
   279 | Sewer    | Noticed Pargi
   286 | Sewer    | Killed Pargi
   287 | Sewer    | Reached skill level 1 in Short Blades
   287 | Sewer    | Reached skill level 1 in Long Blades
   287 | Sewer    | Reached skill level 1 in Maces & Flails
   287 | Sewer    | Reached skill level 1 in Polearms
   287 | Sewer    | Reached skill level 1 in Staves
   287 | Sewer    | Reached skill level 1 in Slings
   287 | Sewer    | Reached skill level 1 in Bows
   287 | Sewer    | Reached skill level 1 in Crossbows
   287 | Sewer    | Reached skill level 1 in Throwing
   287 | Sewer    | Reached skill level 1 in Armour
   287 | Sewer    | Reached skill level 1 in Shields
   287 | Sewer    | Reached skill level 1 in Unarmed Combat
   287 | Sewer    | Reached skill level 1 in Spellcasting
   287 | Sewer    | Reached skill level 1 in Conjurations
   287 | Sewer    | Reached skill level 1 in Hexes
   287 | Sewer    | Reached skill level 1 in Summonings
   287 | Sewer    | Reached skill level 1 in Necromancy
   287 | Sewer    | Reached skill level 1 in Translocations
   287 | Sewer    | Reached skill level 1 in Transmutations
   287 | Sewer    | Reached skill level 1 in Fire Magic
   287 | Sewer    | Reached skill level 1 in Ice Magic
   287 | Sewer    | Reached skill level 1 in Air Magic
   287 | Sewer    | Reached skill level 1 in Earth Magic
   287 | Sewer    | Reached skill level 1 in Poison Magic
   287 | Sewer    | Reached skill level 1 in Invocations
   287 | Sewer    | Reached skill level 1 in Evocations
   287 | Sewer    | Reached XP level 3. HP: 16/35 MP: 2/4
   287 | Sewer    | Reached XP level 4. HP: 19/41 MP: 2/5
   741 | D:3      | Reached XP level 5. HP: 47/47 MP: 6/6
   934 | D:2      | Found a faded altar of an unknown god.
  1211 | D:2      | Learned a level 2 spell: Poisonous Vapours
  1213 | D:2      | Learned a level 1 spell: Slow
  1217 | D:2      | Learned a level 3 spell: Confusing Touch
  2425 | D:3      | Found a basalt altar of Yredelemnul.
  2748 | D:4      | Found a staircase to the Ecumenical Temple.
  2753 | Temple   | Entered the Ecumenical Temple
  2794 | Temple   | Became a worshipper of Gozag Ym Sagoz the Greedy
  2839 | D:4      | Reached XP level 6. HP: 53/53 MP: 8/8
  2874 | D:4      | Noticed a two-headed ogre
  3144 | D:4      | Reached skill level 5 in Axes
  3144 | D:4      | Reached skill level 5 in Dodging
  3254 | D:4      | Noticed an ice beast
  3368 | D:4      | Reached XP level 7. HP: 53/60 MP: 1/10
  3704 | D:4      | Reached skill level 10 in Stealth
  3710 | D:4      | Killed a two-headed ogre
  3711 | D:4      | Reached XP level 8. HP: 66/67 MP: 0/13
  3959 | D:4      | Found Net Awif's Overcharged Wands.
  4183 | D:5      | Noticed Menkaure
  4194 | D:5      | Reached XP level 9. HP: 25/72 MP: 9/14
  4194 | D:5      | Killed Menkaure
  4584 | D:6      | Noticed Maggie
  4606 | D:6      | Killed Maggie
  4752 | D:6      | Learned a level 3 spell: Vampiric Draining
  5278 | D:6      | Noticed Edmund
  5291 | D:6      | Killed Edmund
  5319 | D:6      | Noticed Duvessa
  5321 | D:6      | Noticed Dowan
  5334 | D:6      | Killed Duvessa
  5344 | D:6      | Killed Dowan
  5345 | D:6      | Reached skill level 5 in Invocations
  5473 | D:7      | Found the +8 trident of the Octopus King {venom, rElec
                  | rPois}
  5506 | D:7      | Learned a level 3 spell: Call Canine Familiar
  5628 | D:7      | Identified the +1 robe of Resourcefulness {rC- MP+9 Int+9
                  | Archmagi}
  5746 | D:7      | Learned a level 4 spell: Leda's Liquefaction
  6134 | D:7      | Reached XP level 10. HP: 75/80 MP: 17/17
  6238 | D:7      | Noticed a two-headed ogre
  6246 | D:7      | Killed a two-headed ogre
  6247 | D:7      | Reached skill level 5 in Short Blades
  6247 | D:7      | Reached skill level 5 in Long Blades
  6247 | D:7      | Reached skill level 5 in Maces & Flails
  6247 | D:7      | Reached skill level 5 in Polearms
  6247 | D:7      | Reached skill level 5 in Staves
  6247 | D:7      | Reached skill level 5 in Slings
  6247 | D:7      | Reached skill level 5 in Bows
  6247 | D:7      | Reached skill level 5 in Crossbows
  6247 | D:7      | Reached skill level 5 in Throwing
  6247 | D:7      | Reached skill level 5 in Armour
  6247 | D:7      | Reached skill level 5 in Shields
  6247 | D:7      | Reached skill level 5 in Unarmed Combat
  6247 | D:7      | Reached skill level 5 in Spellcasting
  6247 | D:7      | Reached skill level 5 in Evocations
  6327 | D:7      | Found a runed translucent door.
  6328 | D:7      | Noticed Crazy Yiuf
  6477 | D:7      | Killed Crazy Yiuf
  6853 | D:8      | Noticed Grum
  7368 | D:8      | Killed Grum
  7369 | D:8      | Reached skill level 11 in Stealth
  7831 | D:9      | Found a staircase to the Lair.
  7837 | D:9      | Noticed Joseph
  8445 | D:9      | Killed Joseph
  8453 | D:10     | Entered Level 10 of the Dungeon
  8457 | D:10     | Found Etecvese's Magic Scroll Boutique.
  8464 | D:10     | Bought a scroll of identify for 30 gold pieces
  8464 | D:10     | Bought a scroll of identify for 30 gold pieces
  8464 | D:10     | Bought a scroll of blinking for 112 gold pieces
  8468 | D:10     | Bought a scroll of enchant armour for 112 gold pieces
  8817 | D:8      | Reached XP level 11. HP: 42/87 MP: 19/19
  9700 | Lair:1   | Entered Level 1 of the Lair of Beasts
  9727 | Lair:1   | Learned a level 4 spell: Olgreb's Toxic Radiance
  9746 | Lair:1   | Reached skill level 5 in Conjurations
  9746 | Lair:1   | Reached skill level 5 in Hexes
  9746 | Lair:1   | Reached skill level 5 in Summonings
  9746 | Lair:1   | Reached skill level 5 in Necromancy
  9746 | Lair:1   | Reached skill level 5 in Translocations
  9746 | Lair:1   | Reached skill level 5 in Transmutations
  9746 | Lair:1   | Reached skill level 5 in Fire Magic
  9746 | Lair:1   | Reached skill level 5 in Ice Magic
  9746 | Lair:1   | Reached skill level 5 in Air Magic
  9746 | Lair:1   | Reached skill level 5 in Earth Magic
  9746 | Lair:1   | Reached skill level 5 in Poison Magic
 11015 | Lair:2   | Found a transporter.
 11021 | Lair:2   | Found a bloodstained altar of Trog.
 11022 | Lair:2   | Noticed a moth of wrath
 12236 | Lair:2   | Reached XP level 12. HP: 67/96 MP: 22/22
 12418 | Lair:2   | Found a transporter.
 12419 | Lair:2   | Noticed Guvu Tong's ghost (journeyman MiBe)
 12839 | Lair:3   | Found a transporter.
 12841 | Lair:3   | Found a transporter.
 12843 | Lair:3   | Noticed EnronHubbard's ghost (journeyman KoEn)
 13814 | Lair:4   | Noticed a catoblepas
 13843 | Lair:4   | Killed a catoblepas
 14246 | Lair:4   | Found a hole to the Spider Nest.
 14555 | Lair:4   | Learned a level 4 spell: Iskenderun's Mystic Blast
 14569 | Lair:4   | Reached skill level 12 in Stealth
 15003 | Lair:4   | Reached skill level 10 in Fighting
 15105 | Lair:4   | Found a staircase to the Swamp.
 15311 | Lair:4   | You fall into a shaft and drop 2 floors!
 15311 | Lair:6   | Entered Level 6 of the Lair of Beasts
 15325 | Lair:5   | Found a broken altar of Ashenzari.
 15328 | Lair:5   | Noticed a six-headed hydra
 15334 | Lair:5   | Noticed a death yak
 15336 | Lair:5   | Noticed a death yak
 15339 | Lair:5   | Noticed a death yak
 15526 | Lair:4   | Reached XP level 13. HP: 104/104 MP: 25/25
 15789 | Lair:5   | Found a staircase to the Slime Pits.
 16195 | Lair:5   | Learned a level 4 spell: Fulminant Prism
 17222 | Lair:5   | Reached XP level 14. HP: 103/111 MP: 19/26
 17646 | Lair:6   | Identified a scroll of acquirement
 17647 | Lair:6   | Acquired 1133 gold pieces
 18639 | Lair:6   | Noticed Nessos
 18641 | Lair:6   | Reached skill level 10 in Axes
 18641 | Lair:6   | Reached skill level 10 in Dodging
 18656 | Lair:6   | Killed Nessos
 18801 | Lair:6   | HP: 2/113 [cane toad (11)]
 19377 | Lair:6   | Learned a level 3 spell: Stone Arrow
 19516 | Lair:6   | Reached skill level 13 in Stealth
 19811 | Lair:6   | Reached skill level 10 in Invocations
 21113 | Lair:6   | Found a corrupted altar of Lugonu.
 21113 | Lair:6   | Found a one-way gate to the infinite horrors of the Abyss.
 21501 | D:10     | Found Vucetuj's Assorted Antiques.
 21508 | D:10     | Bought a scroll of enchant weapon for 232 gold pieces
 21561 | D:10     | Found Restuoh's Weapon Emporium.
 21695 | D:10     | Identified the +8 hand crossbow of Embarrassment {penet,
                  | Will++}
 21898 | D:10     | Found Lohere Otsa's Assorted Antiques.
 21939 | D:10     | Bought a potion of heal wounds for 125 gold pieces
 21939 | D:10     | Bought a potion of heal wounds for 125 gold pieces
 22020 | D:10     | Found a portal to a secret trove of treasure.
 22863 | D:11     | Found a frozen archway.
 22884 | IceCv    | Entered an ice cave
 23979 | IceCv    | Found an ancient bone altar of Kikubaaqudgha.
 23985 | IceCv    | Reached XP level 15. HP: 119/119 MP: 21/28
 24325 | IceCv    | Got the Papyrus of the Snowflakes
 24868 | IceCv    | Got Umyakk's Grimoire of the Evil Frostbite
 25455 | D:11     | Found a staircase to the Orcish Mines.
 26057 | Orc:1    | Entered Level 1 of the Orcish Mines
 26069 | Orc:1    | Noticed Fannar
 26412 | Orc:1    | Paralysed by an orc sorcerer for 2 turns
 26416 | Orc:1    | Killed Fannar
 26748 | Orc:1    | Found Jacunuis's General Store.
 26790 | Orc:1    | Found Goasex's Firing Range.
 26934 | Orc:2    | Entered Level 2 of the Orcish Mines
 26962 | Orc:2    | Found a staircase to the Elven Halls.
 27262 | Orc:2    | Reached skill level 10 in Short Blades
 27262 | Orc:2    | Reached skill level 10 in Long Blades
 27262 | Orc:2    | Reached skill level 10 in Maces & Flails
 27262 | Orc:2    | Reached skill level 10 in Polearms
 27262 | Orc:2    | Reached skill level 10 in Staves
 27262 | Orc:2    | Reached skill level 10 in Slings
 27262 | Orc:2    | Reached skill level 10 in Bows
 27262 | Orc:2    | Reached skill level 10 in Crossbows
 27262 | Orc:2    | Reached skill level 10 in Throwing
 27262 | Orc:2    | Reached skill level 10 in Armour
 27262 | Orc:2    | Reached skill level 10 in Shields
 27262 | Orc:2    | Reached skill level 10 in Unarmed Combat
 27262 | Orc:2    | Reached skill level 10 in Spellcasting
 27262 | Orc:2    | Reached skill level 10 in Evocations
 27781 | Orc:2    | Found Rigraps's Antique Weapon Boutique.
 27782 | Orc:2    | Found Faragoxe's Jewellery Shoppe.
 27784 | Orc:2    | Found Mire's Assorted Antiques.
 27819 | Orc:2    | Found Daofuu's Antique Weapon Shop.
 28755 | D:12     | Noticed Nergalle
 28759 | D:12     | Killed Nergalle
 29709 | D:13     | Reached XP level 16. HP: 112/127 MP: 25/30
 30044 | D:13     | Noticed Lodul
 30052 | D:13     | Killed Lodul
 30307 | D:13     | Noticed Frances
 30348 | D:13     | Killed Frances
 30673 | D:13     | Reached skill level 14 in Stealth
 30863 | D:13     | Found a gate to the Vaults.
 32560 | D:14     | Found a sacrificial altar of Ru.
 32601 | D:14     | Found a shimmering blue altar of Sif Muna.
 32710 | D:15     | Entered Level 15 of the Dungeon
 33124 | D:15     | Identified the +4 triple crossbow of Collusion {freeze, rF+
                  | rC+ Will+ Int+6}
 34211 | D:15     | Found a staircase to the Depths.
 34510 | Spider:1 | Entered Level 1 of the Spider Nest
 34541 | Spider:1 | HP: 2/129 [poisoned by an emperor scorpion]
 34541 | Spider:1 | Mangled by an emperor scorpion

Illustrated notes

Levels and vault maps discovered:
D:1:      dpeg_arrival_court, layout_loops_corners
D:2:      layout_rooms, hellmonk_ecumenical_altar_pennies_from_heaven,
          grunt_decor_fettered
D:3:      layout_loops_cross, lemuel_zombie_altar_yredelemnul,
          gup_sewer_entry_bowl, dk_noncrumbling_4
D:4:      layout_basic, minmay_temple_entry_gardened_gates, serial_bayou,
          serial_bayou_lagoon_a, serial_bayou_shore_b, serial_bayou_ford_a,
          serial_bayou_pond_d, serial_bayou_pond_a,
          nicolae_shop_overcharged_wands
D:5:      layout_rooms, nicolae_take_the_stairs, grunt_ministairs_7,
          uniq_menkaure
D:6:      layout_gridville, uniq_edmund, uniq_duvessa, uniq_maggie
D:7:      layout_loops_ring, uniq_crazy_yiuf_cottage
D:8:      layout_gridville, uniq_grum
D:9:      layout_gridville, lair_entry_dummy, uniq_joseph
D:10:     layout_loops_corners, serial_shops, shop,
          nicolae_shop_overgrown_old_shop, nicolae_shop_hallway_plus,
          nicolae_shop_behind_doors, enter_trove_5
D:11:     layout_layer_cave, hiddenorc1_lemuel, portal_ice_cave_demonic_guard,
          nicolae_straight_to_the_point
D:12:     layout_gridville, uniq_nergalle
D:13:     layout_loops_ring, david_vaults_2, uniq_frances, uniq_lodul
D:14:     layout_stronghold, lemuel_blue_sif_altar, nicolae_ru_path_of_blood
D:15:     gammafunk_enter_depths_forms, layout_loops_corners, minivault_4
Temple:   kilobyte_greek_temple
Lair:1:   layout_chaotic_city
Lair:2:   layout_loops_ring, gammafunk_ghost_wrathful_warriors,
          grunt_forest_large_clearings
Lair:3:   layout_regular_city, gammafunk_ghost_hive
Lair:4:   layout_cave_pods, minmay_swamp_entry_worms,
          hellmonk_spider_entry_not_the_bees, serial_bayou_shore_a
Lair:5:   layout_hall_layers, slime_dummy, basic_altar,
          chequers_serial_rivers_small_a, grunt_megastairs_2
Lair:6:   hellmonk_lair_end_abyssal_woods, layout_small_grid, uniq_nessos
Spider:1: layout_spider_delve, ebering_ghost_rock_garden,
          nicolae_spider_rock_and_or_roll, uniq_agnes
Orc:1:    layout_caves, serial_shops, nicolae_shop_behind_doors,
          nicolae_shop_firing_range, uniq_fannar
Orc:2:    st_orc_open, layout_caves

Skill      XL: |  1  2  3  4  5  6  7  8  9 10 11 12 13 14 15 16 |
---------------+-------------------------------------------------+-----
Stealth        | 10 11 12 13 14 | 14.2
Short Blades   | 1 2 3 4 5 6 8 9 10 | 10.9
Long Blades    | 1 2 3 4 5 6 8 9 10 | 10.9
Maces & Flails | 1 2 3 4 5 6 8 9 10 | 10.9
Polearms       | 1 2 3 4 5 6 8 9 10 | 10.9
Staves         | 1 2 3 4 5 6 8 9 10 | 10.9
Slings         | 1 2 3 4 5 6 8 9 10 | 10.9
Bows           | 1 2 3 4 5 6 8 9 10 | 10.9
Crossbows      | 1 2 3 4 5 6 8 9 10 | 10.9
Throwing       | 1 2 3 4 5 6 8 9 10 | 10.9
Armour         | 1 2 3 4 5 6 8 9 10 | 10.9
Shields        | 1 2 3 4 5 6 8 9 10 | 10.9
Unarmed Combat | 1 2 3 4 5 6 8 9 10 | 10.9
Spellcasting   | 1 2 3 4 5 6 8 9 10 | 10.9
Conjurations   | 1 2 3 4 5 6 7 8 9 |  9.2
Hexes          | 1 2 3 4 5 6 7 8 9 |  9.2
Summonings     | 1 2 3 4 5 6 7 8 9 |  9.2
Necromancy     | 1 2 3 4 5 6 7 8 9 |  9.2
Translocations | 1 2 3 4 5 6 7 8 9 |  9.2
Transmutations | 1 2 3 4 5 6 7 8 9 |  9.2
Fire Magic     | 1 2 3 4 5 6 7 8 9 |  9.2
Ice Magic      | 1 2 3 4 5 6 7 8 9 |  9.2
Air Magic      | 1 2 3 4 5 6 7 8 9 |  9.2
Earth Magic    | 1 2 3 4 5 6 7 8 9 |  9.2
Poison Magic   | 1 2 3 4 5 6 7 8 9 |  9.2
Invocations    | 1 2 3 4 5 6 7 8 9 10 11 | 11.9
Evocations     | 1 2 3 4 5 6 8 9 10 | 10.9
Axes           | 5 6 7 8 9 10 11 | 11.8
Dodging        | 5 6 7 8 9 10 11 | 11.8
Fighting       | 7 8 9 10 11 12 | 12.6

Action                   |  1- 3 |  4- 6 |  7- 9 | 10-12 | 13-15 | 16-18 || total
-------------------------+-------+-------+-------+-------+-------+-------++-------
Melee: Hand axe          |    30 |   230 |   171 |       |       |       ||   431
       Bite              |     2 |    19 |    33 |    59 |    40 |    15 ||   168
       Punch             |       |     6 |     5 |    19 |    26 |       ||    56
       Trident           |       |       |    45 |   542 |    25 |    87 ||   699
       Broad axe         |       |       |    20 |       |   291 |    24 ||   335
       Morningstar       |       |       |       |       |     9 |       ||     9
 Fire: Hand crossbow     |       |       |       |       |    20 |    20 ||    40
Throw: Dart              |       |       |     2 |       |       |       ||     2
 Cast: Slow              |       |     2 |     1 |     3 |     7 |       ||    13
       Poisonous Vapours |       |    11 |    17 |    93 |   121 |    20 ||   262
       Confusing Touch   |       |       |     4 |     1 |       |       ||     5
       Call Canine Famil |       |       |     3 |    12 |    26 |     7 ||    48
       Leda's Liquefacti |       |       |       |     4 |     1 |       ||     5
       Iskenderun's Myst |       |       |       |     9 |   262 |   108 ||   379
       Vampiric Draining |       |       |       |       |     1 |       ||     1
       Stone Arrow       |       |       |       |       |   130 |    42 ||   172
       Olgreb's Toxic Ra |       |       |       |       |    21 |     9 ||    30
       Fulminant Prism   |       |       |       |       |     6 |     7 ||    13
Invok: Potion Petition   |       |       |     1 |     1 |     1 |     1 ||     4
Evoke: Wand              |       |       |       |     2 |     6 |     1 ||     9
  Use: Scroll            |     2 |    12 |     4 |    17 |     9 |     1 ||    45
       Potion            |     2 |       |     5 |     5 |     6 |       ||    18
 Stab: Sleeping          |     4 |    33 |     8 |    10 |     4 |     4 ||    63
       Distracted        |     1 |     1 |     1 |    11 |     3 |     1 ||    18
       Paralysed         |       |       |       |     2 |       |       ||     2
       Invisible         |       |       |       |     1 |       |       ||     1
Armor: Leather armour    |     7 |       |       |       |       |       ||     7
       Troll leather arm |       |    83 |    57 |       |       |       ||   140
       Robe              |       |       |     8 |   203 |   178 |    20 ||   409
Dodge: Dodged            |    14 |   145 |   143 |   495 |   378 |    79 ||  1254
Block: Buckler           |       |       |       |       |    17 |    33 ||    50

Table legend: (Time is in decaauts)
 A = Elapsed time spent in this place.
 B = Non-inter-level travel time spent in this place.
 C = Inter-level travel time spent in this place.
 D = Time resting spent in this place.
 E = Time spent auto-exploring this place.
 F = Levels seen in this place.
 G = Mean time per level.
                   A        B        C        D        E       F      G
               +--------+--------+--------+--------+--------+-----+--------+
         Total |  34627 |  33244 |   1383 |   9980 |  16397 |  27 | 1282.5 |
       Dungeon |  18228 |  17336 |    892 |   3798 |   9786 |  15 | 1215.2 |
        Temple |     71 |     41 |     30 |      0 |     37 |   1 |   71.0 |
          Lair |  11689 |  11279 |    410 |   3996 |   5211 |   6 | 1948.2 |
   Spider Nest |     30 |     30 |      0 |      0 |      0 |   1 |   30.0 |
  Orcish Mines |   2064 |   2014 |     50 |    608 |    778 |   2 | 1032.0 |
         Sewer |    342 |    342 |      0 |     43 |    181 |   1 |  342.0 |
      Ice Cave |   2200 |   2200 |      0 |   1534 |    404 |   1 | 2200.0 |
               +--------+--------+--------+--------+--------+-----+--------+

Top non-repeatable levels by time:
  Lair:6: 3565 daAuts
  Lair:4: 3015 daAuts
     D:8: 2463 daAuts
   IceCv: 2200 daAuts
    D:11: 1835 daAuts
    D:14: 1620 daAuts
    D:15: 1593 daAuts
    D:12: 1548 daAuts
  Lair:1: 1534 daAuts
  Lair:2: 1493 daAuts
     D:4: 1262 daAuts
    D:13: 1233 daAuts
   Orc:2: 1152 daAuts
    D:10: 1141 daAuts
  Lair:3: 1135 daAuts
